 Dungeon Sprint DCSS version 0.30.1-4-g462c640d31 (webtiles) character file.

Game seed: 3306119064655497943

10573 Heoruswealwe the Imperceptible (level 11, -4/48 HPs)
             Began as a Spriggan Artificer on Aug 29, 2023.
             Was an Initiate of Gozag.
             Slain by a lorocyproca (19 damage)
             ... in the Dungeon (Sprint I: "Red Sonja").
             The game lasted 00:18:27 (1084 turns).

Heoruswealwe the Imperceptible (Spriggan Artificer) Turns: 1084, Time: 00:18:28

Health: -4/48      AC:  2    Str:  8    XL:     11   Next: 38%
Magic:  0/12       EV: 32    Int: 13    God:    Gozag
Gold:   2360       SH:  0    Dex: 20    Spells: 10/10 levels left

rFire   . . .        a - +2 dagger (venom)
rCold   . . .        (no shield)
rNeg    . . .        c - +0 robe
rPois   .            (helmet restricted)
rElec   .            (no cloak)
rCorr   .            (gloves unavailable)
SInv    +            (boots unavailable)
Will    +....        (no amulet)
Stlth   +++++        (no ring)
HPRegen 0.28/turn    (no ring)
MPRegen 0.13/turn

%: no teleportation
@: studying Fire Magic, slow
A: very small, no large weapons, unfitting armour, see invisible, speed 3
a: Renounce Religion, Potion Petition, Call Merchant, Bribe Branch


You were in the Dungeon.
You worshipped Gozag.
Gozag was most pleased with you.
You visited 1 branch You collected 3783 gold pieces.
You spent 1394 gold pieces at shops.
You donated 29 gold pieces to Zin.

Inventory:

Hand Weapons
 a - a +2 dagger of venom (weapon)
 u - a +0 rapier
Armour
 c - a +0 robe (worn)
Wands
 d - a wand of charming (20)
Scrolls
 e - a scroll of summoning
 k - a scroll of blinking
 m - a scroll of enchant weapon
 q - 3 scrolls of identify
 r - 2 scrolls of fear
 s - a scroll of poison
 w - a scroll of fog
Potions
 f - a potion of curing
 g - a potion of heal wounds
 h - a potion of haste
 i - 2 potions of magic
 j - a potion of berserk rage
 o - a potion of flight
 p - a potion of might
Miscellaneous
 v - a phantom mirror (inert)
 x - a phial of floods (inert)


   Skills:
 - Level 0.7 Fighting
 + Level 16.8 Dodging
 * Level 26.2 Stealth
 * Level 22.8 Evocations


You had 10 spell levels left.
You didn't know any spells.
Your spell library contained the following spells:

 Spells                   Type           Power      Damage    Failure   Level
 Lesser Beckoning         Tloc           0%         N/A       43%         2
 Gell's Gravitas          Tloc           0%         N/A       67%         3
 Teleport Other           Tloc           0%         N/A       67%         3


Dungeon Overview and Level Annotations

Branches:
Dungeon (1/1)

Altars:
Cheibriados
Dithmenos
Elyvilon
Fedhas
Gozag
Hepliaklqana
Kikubaaqudgha
Makhleb
Nemelex Xobeh
Okawaru
Qazlal
Ru
Sif Muna
Trog
Uskayaw
Vehumet
Wu Jian
Xom
Yredelemnul
Zin
The Shining One
Jiyva
Lugonu

Shops:
D (!![(*[(([!(?:=?!**[(


Innate Abilities, Weirdness & Mutations

You are very small and have problems with some larger weapons.
You are too small for most types of armour.
You have supernaturally acute eyesight. (SInv)
You cover ground extremely quickly. (Speed+++)


Message History

Your lorocyproca shimmers and vanishes!
The lorocyproca closely misses you.
Aim the phial where?
Press: ? - help, Shift-Dir - straight line, f/p - lorocyproca
Aim: a lorocyproca (moderately wounded, slightly transparent)
The torrent of water hits the lorocyproca!!!
The lorocyproca is severely wounded.
The lorocyproca is knocked back by the torrent of water.
The lorocyproca is engulfed in water.
The wave splashes down.
Splash!
You fall into the shallow water.
Moving in this stuff is going to be slow.
You hear an angry squeal. x6
The puff of flame hits the lorocyproca.
The lorocyproca resists.
The lorocyproca is almost dead.
The now-empty wand crumbles to dust.
You hear an angry squeal. x5
You hit the lorocyproca.
The lorocyproca is poisoned.
The lorocyproca is almost dead.
You are engulfed in a cloud of scalding steam.
You hear an angry squeal. x2
The lorocyproca barely misses you.
You hear an angry squeal.
You hit the lorocyproca but do no damage.
The lorocyproca is almost dead.
You are engulfed in a cloud of scalding steam.
* * * LOW HITPOINT WARNING * * *
You hear an angry squeal. x3
The lorocyproca hits you!
* * * LOW HITPOINT WARNING * * *
You feel your power leaking away.
You feel much better.
You are engulfed in a cloud of scalding steam.
The lorocyproca misses you.
You hit the lorocyproca but do no damage.
The lorocyproca is almost dead.
The meliai invokes the aid of its god against you.
Something smites you! The lorocyproca hits you!!
You die...
Your body crumbles into a pile of gold.

##############*******************
#__#..'..)#..#,$$,+,,,,,,+,$*,,+$
'..'..#...##'#$****,,,,,**$,+,,*$
#__####)..'..#$*,*##,,,*******+*$
####§.#####..+$#+#$###+*,,$**,,*$
#§§§.)#..##+####~~$#y#,**$$$*,,**
+§~§..+..#..○○○#~§$###,,***$*,,~*
#§§§.§#..#..)°°+@2$§$#*,*,*$*,,~,
##+#####'###.°.#~~~§.#,,***$*,,~,
#.).(###.+.#°..###++##,**,,$*,,~*
##'###.###§#○○##*,,***,,*+***,,~*
.....'.∩##§#..#***$$***,,,*,~,,**
##########§##+#$$*$$*$***,*,~,,*,
#.......##§##)#$$$$$$$$$*,***,,*,
#........+.####$$$$$$$$$*,*,+,,**
#'''######§#,,+$$$$$$****+*,**'**


You could see a lorocyproca (invisible, poisoned, waterlogged) and a meliai.

Vanquished Creatures
  2 centaur warriors (D)
  Sonja (D)
  A deep troll (D)
  An oklob plant (D)
  8 shining eyes (D)
  4 demonic crawlers (D)
  A gargoyle (D)
  2 unseen horrors (D)
  2 kobold demonologists (D)
  A hornet (D)
  A slime creature (D)
  Sigmund (D)
  2 redbacks (D)
  A yak (D)
  6 floating eyes (D)
  An ogre (D)
  7 necrophages (D)
  8 jellies (D)
  Ijyb (D)
  A ballistomycete spore (D)
52 creatures vanquished.

Vanquished Creatures (others)
  A ballistomycete spore (D)
1 creature vanquished.

Grand Total: 53 creatures vanquished

Notes
Turn   | Place    | Note
-------+----------+-------------------------------------------
     0 | D        | Heoruswealwe the Spriggan Artificer began the quest for the
                  | Orb.
     0 | D        | Reached XP level 1. HP: 9/9 MP: 2/2
     1 | D        | Noticed Ijyb
     3 | D        | Killed Ijyb
     4 | D        | Reached skill level 5 in Stealth
     4 | D        | Reached XP level 2. HP: 14/14 MP: 3/3
    10 | D        | Noticed an ogre
    17 | D        | Killed an ogre
    18 | D        | Reached skill level 9 in Stealth
    18 | D        | Reached XP level 3. HP: 17/17 MP: 4/4
    18 | D        | Reached XP level 4. HP: 21/21 MP: 5/5
    29 | D        | Noticed Sigmund
    30 | D        | Killed Sigmund
    31 | D        | Reached skill level 12 in Stealth
    31 | D        | Reached XP level 5. HP: 25/25 MP: 6/6
    44 | D        | Found an ornate altar of the Wu Jian Council.
    44 | D        | Found a shimmering blue altar of Sif Muna.
    46 | D        | Found a radiant altar of Vehumet.
    54 | D        | Reached XP level 6. HP: 29/29 MP: 7/7
    82 | D        | Found Meukat's Armour Emporium.
    82 | D        | Found an ancient bone altar of Kikubaaqudgha.
    82 | D        | Found a hazy altar of Hepliaklqana.
    82 | D        | Found a stormy altar of Qazlal.
    82 | D        | Found a hide-covered altar of Uskayaw.
    82 | D        | Found a blossoming altar of Fedhas.
    82 | D        | Found a bloodstained altar of Trog.
    82 | D        | Found an iron altar of Okawaru.
    82 | D        | Found a basalt altar of Yredelemnul.
    82 | D        | Found a glowing golden altar of the Shining One.
    82 | D        | Found a snail-covered altar of Cheibriados.
    82 | D        | Found a sacrificial altar of Ru.
    82 | D        | Found a glowing silver altar of Zin.
    82 | D        | Found a shadowy altar of Dithmenos.
    82 | D        | Found a white marble altar of Elyvilon.
    82 | D        | Noticed a yak
    83 | D        | Found an opulent altar of Gozag.
    89 | D        | Killed a yak
    90 | D        | Reached skill level 13 in Stealth
    93 | D        | Found a sparkling altar of Nemelex Xobeh.
    98 | D        | Became a worshipper of Zin the Law-Giver
    98 | D        | Reached * piety under Zin
    98 | D        | Reached ** piety under Zin
    98 | D        | Reached *** piety under Zin
    98 | D        | Reached **** piety under Zin
    98 | D        | Reached ***** piety under Zin
    98 | D        | Reached ****** piety under Zin
   107 | D        | Noticed Sonja
   111 | D        | Killed Sonja
   112 | D        | Reached skill level 10 in Dodging
   112 | D        | Reached skill level 16 in Stealth
   112 | D        | Reached XP level 7. HP: 32/32 MP: 8/8
   126 | D        | Found Faesu Jat's Weapon Boutique.
   136 | D        | Noticed a shining eye
   136 | D        | Noticed a shining eye
   136 | D        | Noticed a shining eye
   136 | D        | Noticed a shining eye
   136 | D        | Noticed a shining eye
   136 | D        | Noticed a shining eye
   138 | D        | Paralysed by a floating eye for 4 turns
   139 | D        | Reached XP level 8. HP: 37/37 MP: 9/9
   142 | D        | Noticed a shining eye
   142 | D        | Noticed a shining eye
   146 | D        | Reached skill level 17 in Stealth
   146 | D        | Reached skill level 15 in Evocations
   149 | D        | Paralysed by a floating eye for 2 turns
   158 | D        | Killed a shining eye
   159 | D        | Reached skill level 18 in Stealth
   169 | D        | Killed a shining eye
   170 | D        | Reached skill level 19 in Stealth
   170 | D        | Reached XP level 9. HP: 40/40 MP: 10/10
   186 | D        | Killed a shining eye
   187 | D        | Reached skill level 20 in Stealth
   194 | D        | Killed a shining eye
   209 | D        | Killed a shining eye
   210 | D        | Reached skill level 21 in Stealth
   220 | D        | Killed a shining eye
   235 | D        | Killed a shining eye
   236 | D        | Reached skill level 22 in Stealth
   236 | D        | Reached XP level 10. HP: 44/44 MP: 11/11
   250 | D        | Killed a shining eye
   252 | D        | Found Cemosa Hiff's Distillery.
   252 | D        | Found Fywuff's Weapon Shop.
   252 | D        | Found Liaminat's Distillery.
   252 | D        | Found Ixkuorol's Assorted Antiques.
   265 | D        | Bought a scroll labelled SALYUT DYRICO for 22 gold pieces
   265 | D        | Bought a scroll labelled GORCHOE PEFIAPS for 22 gold pieces
   265 | D        | Bought a smoky dark potion for 19 gold pieces
   265 | D        | Bought a sedimented black potion for 19 gold pieces
   265 | D        | Bought a scroll labelled FOHOEF LINIDYPH for 22 gold pieces
   265 | D        | Bought a scroll labelled FOATOE WUSASCH for 22 gold pieces
   265 | D        | Bought a scroll labelled FUCVAC YVVIARAI for 22 gold pieces
   291 | D        | Fell from the grace of Zin
   291 | D        | Became a worshipper of Gozag Ym Sagoz the Greedy
   421 | D        | Noticed a deep troll
   429 | D        | Killed a deep troll
   441 | D        | Found Rymn's Armour Emporium.
   478 | D        | Found a burning altar of Makhleb.
   478 | D        | Found a viscous altar of Jiyva.
   478 | D        | Found a shimmering altar of Xom.
   478 | D        | Found a corrupted altar of Lugonu.
   482 | D        | Reached skill level 23 in Stealth
   500 | D        | Paralysed by a floating eye for 3 turns
   508 | D        | Reached skill level 15 in Dodging
   534 | D        | Noticed a centaur warrior
   534 | D        | Noticed a centaur warrior
   540 | D        | Killed a centaur warrior
   543 | D        | Killed a centaur warrior
   544 | D        | Reached skill level 24 in Stealth
   650 | D        | Noticed an oklob plant
   652 | D        | Killed an oklob plant
   666 | D        | Reached XP level 11. HP: 48/48 MP: 12/12
   713 | D        | Reached skill level 25 in Stealth
   795 | D        | Found Taomm's Antique Weapon Shoppe.
   795 | D        | Found Wafepan's Armour Shop.
   795 | D        | Found Qifie's Weapon Boutique.
   801 | D        | Found Kadua's General Store.
   801 | D        | Found Lillus's Antique Weapon Emporium.
   801 | D        | Found Othouxzy's Assorted Antiques.
   803 | D        | Found Qiank's Distillery.
   803 | D        | Found Zefu's Magic Scroll Shoppe.
   803 | D        | Found Miamod's Jewellery Shop.
   803 | D        | Found Barem's Book Emporium.
   803 | D        | Found Iwesm's Magic Scroll Boutique.
   803 | D        | Found Tycymac's Antique Weapon Shoppe.
   803 | D        | Found Boaca's Distillery.
   806 | D        | Bought a scroll of identify for 28 gold pieces
   806 | D        | Bought a scroll of identify for 28 gold pieces
   807 | D        | Bought a scroll labelled FEANECKUAPT for 25 gold pieces
   807 | D        | Bought a scroll labelled GORCHOE PEFIAPS for 25 gold pieces
   807 | D        | Bought a phial of floods for 1000 gold pieces
   807 | D        | Found Gamurph's Armour Emporium.
   809 | D        | Bought a scroll of identify for 20 gold pieces
   809 | D        | Bought a scroll of identify for 20 gold pieces
   809 | D        | Bought a scroll of identify for 20 gold pieces
   809 | D        | Bought a scroll of identify for 20 gold pieces
   809 | D        | Bought 2 scrolls of identify for 40 gold pieces
   809 | D        | Bought a scroll of identify for 20 gold pieces
   908 | D        | Reached skill level 26 in Stealth
  1067 | D        | Noticed a lorocyproca
  1084 | D        | Slain by a lorocyproca

Illustrated notes

Levels and vault maps discovered:
D:        dungeon_sprint_1 [red_sonja_temple_1, red_sonja_temple_small_1]

Skill      XL: |  1  2  3  4  5  6  7  8  9 10 11 |
---------------+----------------------------------+-----
Dodging        | 4 6 7 8 10 12 14 15 16 | 16.8
Stealth        | 5 9 12 16 19 22 24 26 | 26.2
Evocations     | 6 8 11 14 17 19 21 22 | 22.8
Fighting       | |  0.7

Action                     |  1- 3 |  4- 6 |  7- 9 | 10-12 || total
---------------------------+-------+-------+-------+-------++-------
  Melee: Dagger            |     2 |     1 |    76 |    53 ||   132
         Punch             |       |       |     4 |       ||     4
  Evoke: Wand              |     2 |     6 |       |    25 ||    33
         Phantom mirror    |       |       |       |     2 ||     2
         Phial of floods   |       |       |       |     1 ||     1
    Use: Scroll            |       |       |       |    10 ||    10
         Potion            |       |       |       |     3 ||     3
   Stab: Sleeping          |     1 |     1 |     4 |    15 ||    21
         Distracted        |       |       |       |     1 ||     1
 Armour: Robe              |       |       |       |     1 ||     1
  Dodge: Dodged            |     2 |     1 |       |    34 ||    37
